Map: Ultralove

Players

Heaven

  • Race: Protoss Protoss
  • League: Grandmaster
  • Spawn Location: 1:00

UpATree - Winner!

  • Race: Terran Terran
  • League: Master
  • Spawn Location: 7:00

VOD

Have the link to the VOD?

Description

Time

  • Played on: March 12, 2025, 8:06 p.m.
  • Length: 5:17
Show
View Real Time Build Order
Export as new Build Order

Heaven Protoss 

Build Orders: 1 Gate Expand, Proxy Void Ray 

Get SALT Encoding   

  12  0:00  Probe  
  13  0:12  Probe  
  14  0:18  Pylon  
  14  0:24  Probe  
  15  0:33  Probe  
  15  0:37  Gateway  
  15  0:41  Probe  
  16  0:47  Assimilator  
  17  0:51  Probe  
  18  1:03  Probe  
  19  1:16  Probe  
  20  1:24  Cybernetics Core  
  20  1:33  Nexus  
  20  1:39  Pylon  
  20  1:43  Assimilator  
  20  1:47  Probe  
  20  1:51  Adept  
  21  1:59  Probe  
  24  2:11  Probe  
  25  2:15  Shield Battery  
  25  2:26  Probe  
  25  2:32  Stalker  
  27  2:38  Probe  
  27  2:43  Stargate  
  28  2:45  Probe  
  28  2:50  Probe  
  30  2:53  Probe  
  30  2:57  Warp Gate  
  31  3:01  Stalker  
  31  3:02  Probe x2  
  35  3:14  Probe x2  
  37  3:20  Void Ray  
  37  3:21  Shield Battery  
  39  3:32  Probe  
  42  3:47  Shield Battery  
  40  3:48  Pylon  
  40  3:49  Void Ray  
  40  3:58  Probe x2  
  42  4:22  Probe  
  42  4:24  Probe  
  44  4:25  Gateway  
  44  4:28  Gateway x2  
  48  4:47  Nexus  
  48  4:51  Probe x2  
  48  4:52  Pylon  
  46  5:07  Gateway  
  46  5:08  Gateway  
  46  5:09  Pylon  
Show
View Real Time Build Order
Export as new Build Order

UpATree Terran - Winner!

Build Orders:  

Get SALT Encoding   

  12  0:00  SCV  
  13  0:12  SCV  
  14  0:22  Supply Depot  
  14  0:24  SCV  
  15  0:45  Barracks  
  15  0:51  Refinery  
  15  0:54  SCV  
  16  0:57  Refinery  
  16  1:06  SCV  
  17  1:19  SCV  
  18  1:33  Orbital Command  
  18  1:34  Reaper  
  19  1:50  Factory  
  19  1:53  Supply Depot  
  19  2:06  Barracks Reactor  
  19  2:10  SCV  
  19  2:32  SCV  
  19  2:37  Factory Tech Lab, Starport  
  20  2:42  Marine x2  
  22  2:44  SCV  
  22  2:50  Supply Depot  
  23  2:55  Siege Tank  
  26  3:00  Marine x2  
  28  3:08  SCV  
  29  3:14  Medivac  
  29  3:18  Marine x2  
  33  3:25  Supply Depot  
  33  3:28  Siege Tank  
  33  3:32  SCV  
  37  3:36  Marine x2  
  39  3:47  SCV  
  40  3:49  Viking  
  42  4:22  Viking  
  42  4:23  Siege Tank, Marine x2  
  47  4:54  Supply Depot  
  47  4:56  Supply Depot  
Tags
 
Add a new tag
Caveats
  • Supply blocks, unpowered buildings, or Contaminate may cause inaccurate times.
  • Supply counts are checked every 10 seconds.